 Dungeon Crawl Stone Soup version 0.21.1-1-g345015f (webtiles) character file.

210 tidbits the Grave Robber (level 5, -10/37 HPs)
             Began as a Gnoll Necromancer on June 26, 2018.
             Mangled by a two-headed ogre
             ... wielding a +0 giant club
              (13 damage)
             ... on level 8 of the Dungeon.
             The game lasted 00:05:03 (566 turns).

tidbits the Grave Robber (Gnoll Necromancer)         Turns: 566, Time: 00:05:04

Health: -10/37     AC:  2    Str: 10    XL:     5   Next: 87%
Magic:  6/12       EV: 15    Int: 18    God:
Gold:   102        SH:  0    Dex: 16    Spells: 6/14 levels left

rFire    . . .     SeeInvis .   u - +9 sword of Zonguldrok {reap}
rCold    + . .     Gourm    .   (no shield)
rNeg     . . .     Faith    .   a - +0 robe
rPois    .         Spirit   .   (no helmet)
rElec    .         Reflect  .   (no cloak)
rCorr    .         Harm     .   (no gloves)
MR       .....                  (no boots)
Stlth    +++.......             (no amulet)
HPRegen  0.12/turn              s - ring of protection from cold
MPRegen  0.13/turn              (no ring)

@: no status effects
A: distributed training, fangs 1, strong nose
a: no special abilities


You were on level 8 of the Dungeon.
You were not hungry.

You visited 1 branch of the dungeon, and saw 6 of its levels.

You collected 102 gold pieces.

Inventory:

Hand Weapons
 e - a +0 trident of freezing
   (You found it on level 2 of the Dungeon)
 l - a +0 dagger
 u - the +9 sword of Zonguldrok (weapon) {reap}
   (You found it on level 8 of the Dungeon)

   If a monster killed with it leaves a corpse in good enough shape, the corpse
   will be animated as a zombie friendly to the killer.
Missiles
 k - 3 tomahawks (quivered)
Armour
 a - a +0 robe (worn)
 m - a +0 chain mail
 r - a +0 ring mail
Jewellery
 s - a ring of protection from cold (left hand)
   (You took it off an orc on level 4 of the Dungeon)
Wands
 o - a wand of acid (8)
 q - a wand of scattershot (6)
Scrolls
 j - a scroll of random uselessness {unknown}
 n - 2 scrolls of fear {unknown}
 p - a scroll of enchant armour {unknown}
 t - a scroll of identify {unknown}
Potions
 d - a potion of might {unknown}
 f - a potion of curing {unknown}
 g - a potion of lignification {unknown}
 h - a potion of agility {unknown}
 i - a potion of heal wounds
Books
 b - a book of Necromancy

   Spells                             Type                      Level
   a - Pain                           Necromancy                   1
   b - Animate Skeleton               Necromancy                   1
   c - Vampiric Draining              Necromancy                   3
   d - Regeneration                   Charms/Necromancy            3
   e - Animate Dead                   Necromancy                   4
   f - Borgnjor's Vile Clutch         Necromancy/Earth             5
Comestibles
 c - 3 rations


   Skills:
 + Level 1.6 Fighting
 + Level 1.6 Short Blades
 + Level 1.6 Long Blades
 + Level 1.6 Axes
 + Level 1.6 Maces & Flails
 + Level 1.6 Polearms
 + Level 1.6 Staves
 + Level 1.6 Slings
 + Level 1.6 Bows
 + Level 1.6 Crossbows
 + Level 1.6 Throwing
 + Level 1.6 Armour
 + Level 4.8 Dodging
 + Level 4.4 Stealth
 + Level 1.6 Shields
 + Level 1.6 Unarmed Combat
 + Level 5.2 Spellcasting
 + Level 1.3 Conjurations
 + Level 1.3 Hexes
 + Level 1.3 Charms
 + Level 1.3 Summonings
 + Level 7.2 Necromancy
 + Level 1.3 Translocations
 + Level 1.3 Transmutations
 + Level 1.3 Fire Magic
 + Level 1.3 Ice Magic
 + Level 1.3 Air Magic
 + Level 1.3 Earth Magic
 + Level 1.3 Poison Magic
 + Level 1.8 Invocations
 + Level 1.6 Evocations


You had 6 spell levels left.
You knew the following spells:

 Your Spells              Type           Power        Failure   Level  Hunger
a - Pain                  Necr           ####         1%          1    None
d - Vampiric Draining     Necr           ####......   1%          3    ##.....
n - Animate Skeleton      Necr           N/A          1%          1    None
r - Regeneration          Chrm/Necr      ###.......   7%          3    ##.....


Dungeon Overview and Level Annotations

Branches:
Dungeon (8/15)             Temple (0/1) D:7
   Lair: D:8-11

Altars:
Uskayaw


Innate Abilities, Weirdness & Mutations

Your experience applies equally to all skills.
You have very sharp teeth.
Your uncanny sense of smell can sniff out nearby items.


Message History

The worker ant is heavily wounded.
The worker ant bites you.
Casting: Vampiric Draining
Confirm with . or Enter, or press ? or * to list all spells.
Aiming: Pain
Press: ? - help, Shift-Dir - straight line, f/p - worker ant
Aim: a worker ant (heavily wounded, chance to defeat MR: 89%)
The worker ant writhes in agony!
The worker ant bites you!
Casting: Pain
Confirm with . or Enter, or press ? or * to list all spells.
Aiming: Pain
Press: ? - help, Shift-Dir - straight line, f/p - worker ant
Aim: a worker ant (severely wounded, chance to defeat MR: 89%)
The worker ant barely resists.
The worker ant closely misses you.
Casting: Pain
Confirm with . or Enter, or press ? or * to list all spells.
Aiming: Pain
Press: ? - help, Shift-Dir - straight line, f/p - worker ant
Aim: a worker ant (severely wounded, chance to defeat MR: 89%)
The worker ant writhes in agony!
You kill the worker ant!
You have reached level 5!
Found a flail, 22 stones and the +9 sword of Zonguldrok {reap}.
Found a stone staircase leading up.
There is a stone staircase leading up here.
Found 15 gold pieces.
You see here the +9 sword of Zonguldrok {reap}.
u - the +9 sword of Zonguldrok {reap} Wield which item (- for none, * to show all)? (? for menu, Esc to quit)
Your +0 trident of freezing stops glowing.
You sense an extremely unholy aura.
u - the +9 sword of Zonguldrok (weapon)
{reap}
There is a stone staircase leading up here.
You climb upwards.
The orc wizard shouts!
An orc warrior and an orc wizard come into view.
The orc warrior shouts!
The orc wizard shouts!
The orc wizard gestures at you while chanting.
The magic dart hits you!
* * * LOW HITPOINT WARNING * * *
Found 13 gold pieces and a ration.
There is a stone staircase leading down here.
Unknown command.
Okay, then.
You climb downwards.
You hear the hiss of flowing sand.
There is an entrance to an ossuary on this level.
Hurry and find it before the portal is buried!
There is a stone staircase leading up here.
You feel much better.
The orc warrior hits you with a war axe!
Evoke which item? (* to show all) (? for menu, Esc to quit)
Aiming: Corrosive Bolt
Press: ? - help, Shift-Dir - straight line, f - orc warrior
Aim: an orc warrior, wielding a war axe and wearing a plate armour The bolt of acid hits the orc warrior.
The orc warrior is splashed with acid.
The orc warrior is severely wounded.
You hear two shouts!
The orc warrior closely misses you.
Evoke which item? (* to show all) (? for menu, Esc to quit)
Aiming: Corrosive Bolt
Press: ? - help, Shift-Dir - straight line, f/p - orc warrior
Aim: an orc warrior, wielding a war axe and wearing a plate armour (severely wounded)
The bolt of acid hits the orc warrior.
The orc warrior is splashed with acid.
You kill the orc warrior!
A two-headed ogre comes into view. It is wielding two giant clubs.
Things that are here:
a war axe; a plate armour; an orc corpse Evoke which item? (* to show all) (? for menu, Esc to quit)
Aiming: Corrosive Bolt
Press: ? - help, Shift-Dir - straight line, f - two-headed ogre
Aim: a two-headed ogre, wielding two giant clubs The bolt of acid hits the two-headed ogre.
The two-headed ogre is splashed with acid.
The two-headed ogre is heavily wounded.
Evoke which item? (* to show all) (? for menu, Esc to quit)
Aiming: Corrosive Bolt
Press: ? - help, Shift-Dir - straight line, f/p - two-headed ogre
Aim: a two-headed ogre, wielding two giant clubs (heavily wounded)
The bolt of acid misses the two-headed ogre.
The two-headed ogre barely misses you. The two-headed ogre closely misses you.
Evoke which item? (* to show all) (? for menu, Esc to quit)
Aiming: Corrosive Bolt
Press: ? - help, Shift-Dir - straight line, f/p - two-headed ogre
Aim: a two-headed ogre, wielding two giant clubs (heavily wounded)
The bolt of acid hits the two-headed ogre.
The two-headed ogre is splashed with acid.
The acid corrodes the two-headed ogre!
The two-headed ogre is severely wounded.
You barely miss the two-headed ogre.
The two-headed ogre is severely wounded.
The two-headed ogre hits you with a giant club!
* * * LOW HITPOINT WARNING * * *
The two-headed ogre barely misses you.
You hit the two-headed ogre.
The two-headed ogre is severely wounded.
The two-headed ogre barely misses you.
The two-headed ogre hits you with a giant club!
* * * LOW HITPOINT WARNING * * *
The two-headed ogre hits you with a giant club!
You die...

#+#.. #.#.#
#.#.# #.#.#
#.#.# #.#.#
#.#.# #.#<#
#.#@##
...###.#.O##.#
..............#
#..####.####..#
)... ..# #.....
.# #...... #
....._..
#(#.......


You could see a two-headed ogre.

Vanquished Creatures
  An orc warrior (D:8)
  An iguana (D:7)
  An orc wizard (D:4)
  A worker ant (D:8)
  A worm (D:3)
  13 orcs
  A giant cockroach (D:3)
  A hobgoblin (D:3)
  4 jackals (D:7)
  4 kobolds
  A ball python (D:1)
  3 bats
  A frilled lizard (D:4)
  A goblin (D:2)
  A rat (D:2)
35 creatures vanquished.

Notes
Turn   | Place    | Note
-------+----------+-------------------------------------------
     0 | D:1      | tidbits the Gnoll Necromancer began the quest for the Orb.
     0 | D:1      | Reached XP level 1. HP: 13/13 MP: 6/6
   138 | D:3      | Reached XP level 2. HP: 5/19 MP: 2/7
   142 | D:3      | Learned a level 1 spell: Animate Skeleton
   239 | D:3      | Reached XP level 3. HP: 4/25 MP: 6/9
   248 | D:3      | Reached skill level 5 in Spellcasting
   314 | D:4      | Learned a level 3 spell: Vampiric Draining
   318 | D:4      | Learned a level 3 spell: Regeneration
   327 | D:4      | Noticed a scorpion
   420 | D:4      | Reached skill level 1 in Fighting
   420 | D:4      | Reached skill level 1 in Short Blades
   420 | D:4      | Reached skill level 1 in Long Blades
   420 | D:4      | Reached skill level 1 in Axes
   420 | D:4      | Reached skill level 1 in Maces & Flails
   420 | D:4      | Reached skill level 1 in Polearms
   420 | D:4      | Reached skill level 1 in Staves
   420 | D:4      | Reached skill level 1 in Slings
   420 | D:4      | Reached skill level 1 in Bows
   420 | D:4      | Reached skill level 1 in Crossbows
   420 | D:4      | Reached skill level 1 in Throwing
   420 | D:4      | Reached skill level 1 in Armour
   420 | D:4      | Reached skill level 1 in Shields
   420 | D:4      | Reached skill level 1 in Unarmed Combat
   420 | D:4      | Reached skill level 1 in Invocations
   420 | D:4      | Reached skill level 1 in Evocations
   420 | D:4      | Reached XP level 4. HP: 19/32 MP: 7/11
   473 | D:4      | You fall through a shaft for 3 floors!
   511 | D:7      | Reached skill level 1 in Conjurations
   511 | D:7      | Reached skill level 1 in Hexes
   511 | D:7      | Reached skill level 1 in Charms
   511 | D:7      | Reached skill level 1 in Summonings
   511 | D:7      | Reached skill level 1 in Translocations
   511 | D:7      | Reached skill level 1 in Transmutations
   511 | D:7      | Reached skill level 1 in Fire Magic
   511 | D:7      | Reached skill level 1 in Ice Magic
   511 | D:7      | Reached skill level 1 in Air Magic
   511 | D:7      | Reached skill level 1 in Earth Magic
   511 | D:7      | Reached skill level 1 in Poison Magic
   514 | D:7      | Found a staircase to the Ecumenical Temple.
   534 | D:8      | Found a hide-covered altar of Uskayaw.
   539 | D:8      | Reached XP level 5. HP: 20/37 MP: 2/12
   541 | D:8      | Found the +9 sword of Zonguldrok {reap}
   555 | D:7      | Noticed an orc warrior
   560 | D:8      | Killed an orc warrior
   561 | D:8      | Noticed a two-headed ogre
   566 | D:8      | HP: 3/37 [two-headed ogre/giant club (11)]
   566 | D:8      | Mangled by a two-headed ogre

Skill      XL: |  1  2  3  4 |
---------------+-------------+-----
Spellcasting   | 5 |  5.2
Fighting       | 1 |  1.6
Short Blades   | 1 |  1.6
Long Blades    | 1 |  1.6
Axes           | 1 |  1.6
Maces & Flails | 1 |  1.6
Polearms       | 1 |  1.6
Staves         | 1 |  1.6
Slings         | 1 |  1.6
Bows           | 1 |  1.6
Crossbows      | 1 |  1.6
Throwing       | 1 |  1.6
Armour         | 1 |  1.6
Shields        | 1 |  1.6
Unarmed Combat | 1 |  1.6
Invocations    | 1 |  1.8
Evocations     | 1 |  1.6
Conjurations   | 1 |  1.3
Hexes          | 1 |  1.3
Charms         | 1 |  1.3
Summonings     | 1 |  1.3
Translocations | 1 |  1.3
Transmutations | 1 |  1.3
Fire Magic     | 1 |  1.3
Ice Magic      | 1 |  1.3
Air Magic      | 1 |  1.3
Earth Magic    | 1 |  1.3
Poison Magic   | 1 |  1.3
Dodging        | |  4.8
Stealth        | |  4.4
Necromancy     | |  7.2

Action                   |  1- 3 |  4- 6 || total
-------------------------+-------+-------++-------
Melee: Trident           |    23 |    19 ||    42
       Bite              |     1 |     2 ||     3
       Double sword      |       |     2 ||     2
Throw: Tomahawk          |     1 |       ||     1
 Cast: Pain              |    29 |     8 ||    37
       Regeneration      |     1 |     2 ||     3
       Vampiric Draining |       |     1 ||     1
Evoke: Wand              |       |     6 ||     6
  Use: Potion            |     1 |     1 ||     2
 Stab: Sleeping          |     4 |     2 ||     6
Armor: Robe              |     3 |     3 ||     6
Dodge: Dodged            |    18 |    19 ||    37

Table legend:
 A = Turns spent in this place as a percentage of turns spent in the entire game.
 B = Non-inter-level travel turns spent in this place as a percentage of non-inter-level travel turns spent in the entire game.
 C = Inter-level travel turns spent in this place as a percentage of turns spent in this place.
 D = Turns resting spent in this place as a percentage of non-inter-level travel turns spent in this place.
 E = Turns spent auto-exploring this place as a percentage of non-inter-level travel turns spent in this place.
 F = Non-inter-level travel turns spent in this place divided by the number of levels of this place that you've seen.
                   A       B       C       D       E      F
               +-------+-------+-------+-------+-------+----------------------
         Total | 100.0 | 100.0 |   0.0 |   0.0 |   0.0 |  94.3
       Dungeon | 100.0 | 100.0 |   0.0 |   0.0 |   0.0 |  94.3
               +-------+-------+-------+-------+-------+----------------------

Table legend:
 A = Kills in this place as a percentage of kills in entire the game.
 B = Kills by you in this place as a percentage of kills by you in the entire game.
 C = Kills by friends in this place as a percentage of kills by friends in the entire game.
 D = Other kills in this place as a percentage of other kills in the entire game.
 E = Experience gained in this place as a percentage of experience gained in the entire game.
 F = Experience gained in this place divided by the number of levels of this place that you have seen.
                   A       B       C       D       E      F
               +-------+-------+-------+-------+-------+----------------------
         Total | 100.0 | 100.0 |   N/A |   N/A | 100.0 |  50.0
       Dungeon | 100.0 | 100.0 |   N/A |   N/A | 100.0 |  50.0
               +-------+-------+-------+-------+-------+----------------------

Vault maps used:
D:1:      dpeg_arrival_three_bigger_balls
D:2:      led_sif_pool, lemuel_doored_altar, first_ration
D:3:      nicolae_overflow_hidden_temple
D:4:      nicolae_ru_the_path_less_chosen, uniq_menkaure
D:7:      minmay_temple_entry_from_below_a
D:8:      old_standard_altar, chequers_temple_overflow_statue_of_worship,
          nicolae_ossuary_entry_false_entrances, uniq_prince_ribbit1,
          uniq_psyche
